 Dungeon Crawl Stone Soup version 0.25-a0-424-g80bd347ae0 (webtiles) character file.

Game seed: 13301929429533056596, levelgen mode: deterministic

1012 Eurus the Magician (level 8, -1/52 HPs)
             Began as a Mummy Conjurer on Jan 23, 2020.
             Was an Initiate of Ashenzari.
             Slain by an orc warrior
             ... wielding a +0 long sword
              (13 damage)
             ... on level 6 of the Dungeon.
             The game lasted 00:23:04 (6583 turns).

Eurus the Magician (Mummy Conjurer)                 Turns: 6583, Time: 00:23:05

Health: -1/52      AC:  6    Str: 12    XL:     8   Next: 1%
Magic:  1/17       EV: 13    Int: 16    God:    Ashenzari [......]
Gold:   324        SH:  0    Dex: 12    Spells: 17/20 levels left

rFire    x . .     SeeInvis .   j - +0 quarterstaff (curse)
rCold    + . .     Gourm    .   (shield currently unavailable)
rNeg     + + +     Faith    .   a - +0 robe
rPois    ∞         Spirit   .   (no helmet)
rElec    .         Reflect  .   (no cloak)
rCorr    .         Harm     .   h - +1 pair of gloves
MR       +....                  k - +1 pair of boots
Stlth    ++........             (no amulet)
HPRegen  0.17/turn              (no ring)
MPRegen  0.15/turn              (no ring)

@: no status effects
A: no food or potions, fire vulnerability, cold resistance 1, negative energy
resistance 3, torment resistance, unbreathing
a: Curse Item, Renounce Religion


You were on level 6 of the Dungeon.
You worshipped Ashenzari.
Ashenzari was noncommittal.
You were not hungry.

You visited 2 branches of the dungeon, and saw 7 of its levels.

You collected 324 gold pieces.

Inventory:

Hand Weapons
 e - a +2 short sword of draining
 j - a cursed +0 quarterstaff (weapon)
Armour
 a - a +0 robe (worn)
 h - a +1 pair of gloves (worn)
 k - a +1 pair of boots (worn)
Wands
 i - a wand of acid (6)
Scrolls
 b - 4 scrolls of teleportation
 c - 3 scrolls of remove curse
 d - a scroll of blinking {unknown}
 f - 2 scrolls of enchant armour {unknown}
 g - 2 scrolls of identify
 l - a scroll of magic mapping {unknown}
 m - a scroll of fog {unknown}
 n - a scroll of enchant weapon {unknown}


   Skills:
 + Level 3.1 Staves
 - Level 3.0 Dodging
 - Level 3.0 Stealth
 + Level 6.5 Spellcasting
 + Level 5.3 Conjurations


You had 17 spell levels left.
You knew the following spells:

 Your Spells              Type           Power        Failure   Level  Hunger
a - Magic Dart            Conj           ###.         1%          1    N/A
b - Searing Ray           Conj           ###...       2%          2    N/A

Your spell library contained the following spells:

 Spells                   Type           Power        Failure   Level  Hunger
 Dazzling Flash           Conj/Hex       ##....       13%         3    N/A
 Fulminant Prism          Conj/Hex       ##........   41%         4    N/A
 Iskenderun's Mystic Bla  Conj/Tloc      ##......     41%         4    N/A

Dungeon Overview and Level Annotations

Branches:
Dungeon (6/15)             Temple (1/1) D:4

Altars:
Ashenzari
Cheibriados
Dithmenos
Elyvilon
Fedhas
Gozag
Hepliaklqana
Kikubaaqudgha
Makhleb
Nemelex Xobeh
Okawaru
Qazlal
Ru
Sif Muna
Trog
Uskayaw
Vehumet
Wu Jian
Xom
Yredelemnul
Zin
The Shining One

Annotations:
D:2 exclusion: jelly, Sigmund
D:5 1 runed translucent door, exclusions: slave and 3 more exclusions, Crazy Yiuf
D:6 1 runed translucent door, Menkaure


Innate Abilities, Weirdness & Mutations

You do not eat or drink.
Your flesh is vulnerable to fire.
You are immune to poison.
Your flesh is cold resistant. (rC+)
You are immune to negative energy. (rN+++)
You are immune to unholy pain and torment.
You can survive without breathing.


Message History

(Press . to maintain the ray.)
The orc warrior hits you but does no damage.
The searing ray hits the orc warrior.
The orc warrior is severely wounded.
The orc warrior hits you with a +0 long sword.
You barely miss the orc warrior.
The orc warrior is severely wounded.
The orc warrior barely misses you.
You hit the orc warrior.
The orc warrior is severely wounded.
A bullfrog comes into view.
The orc warrior hits you with a +0 long sword!
* * * LOW HITPOINT WARNING * * *
The bullfrog moves out of view.
You barely miss the orc warrior.
The orc warrior is severely wounded.
You hit the orc warrior but do no damage.
The orc warrior is severely wounded.
The orc warrior hits you with a +0 long sword!
You die...

.........###..## ......Z
#........##..##
#...........## ##
#........#### ### ..#
......<).######.# ..#
................# ...#
#.............### ###...###
##............#####........
###[#[.........@o.........
#.#(.......#####........
...........# #........
#...........# #..######
......##.#### ..##
#.......#.# ### .....##...#
......# ....


You could see an orc warrior.

Vanquished Creatures
  A sky beast (D:5)
  2 ogres
  A bullfrog (D:6)
  3 crimson imps
  A jelly (D:5)
  2 hounds
  2 centaur skeletons
  5 orc wizards
  2 iguanas
  Ijyb (D:3)
  10 adders
  4 worms
  A dart slug (D:1)
  2 leopard geckos
  16 orcs
  2 ball pythons
  7 giant cockroaches
  8 goblins
  8 hobgoblins
  15 jackals
  5 kobolds
  A quokka (D:6)
  7 bats
  5 frilled lizards
  A leopard gecko skeleton (D:4)
  7 rats
119 creatures vanquished.

Notes
Turn   | Place    | Note
-------+----------+-------------------------------------------
     0 | D:1      | Eurus the Mummy Conjurer began the quest for the Orb.
     0 | D:1      | Reached XP level 1. HP: 13/13 MP: 4/4
   109 | D:1      | Reached skill level 3 in Spellcasting
   116 | D:1      | Reached XP level 2. HP: 17/19 MP: 0/6
   120 | D:1      | Learned a level 2 spell: Searing Ray
   826 | D:1      | Reached XP level 3. HP: 24/24 MP: 4/7
  1831 | D:2      | Noticed Sigmund
  2051 | D:2      | Found a hazy altar of Hepliaklqana.
  2052 | D:2      | Found a sparkling altar of Nemelex Xobeh.
  2141 | D:3      | Reached XP level 4. HP: 30/30 MP: 5/9
  2462 | D:3      | Found a hide-covered altar of Uskayaw.
  2463 | D:3      | Found a glowing golden altar of the Shining One.
  2497 | D:3      | Reached skill level 4 in Spellcasting
  2731 | D:3      | Noticed Ijyb
  2804 | D:3      | Killed Ijyb
  2804 | D:3      | Reached XP level 5. HP: 35/35 MP: 4/11
  3758 | D:4      | Found a staircase to the Ecumenical Temple.
  3770 | Temple   | Entered the Ecumenical Temple
  3884 | Temple   | Became a worshipper of Ashenzari the Shackled
  4150 | D:4      | Reached skill level 1 in Staves
  4286 | D:5      | Entered Level 5 of the Dungeon
  4308 | D:5      | Found a runed translucent door.
  4309 | D:5      | Noticed Crazy Yiuf
  4345 | D:5      | Noticed an ogre
  4382 | D:5      | Identified the +8 short sword "Xeruot" {flame, rN+}
  4468 | D:4      | Reached XP level 6. HP: 37/41 MP: 6/13
  4552 | D:5      | Noticed a sky beast
  4560 | D:4      | Reached skill level 5 in Spellcasting
  4657 | D:5      | Noticed a slave
  5037 | D:5      | Reached XP level 7. HP: 46/46 MP: 10/15
  5789 | D:6      | Noticed Menkaure
  5996 | D:5      | Reached skill level 5 in Conjurations
  6072 | D:6      | Reached skill level 6 in Spellcasting
  6319 | D:6      | Noticed a human
  6320 | D:6      | Found a runed translucent door.
  6506 | D:5      | Reached XP level 8. HP: 52/52 MP: 10/17
  6583 | D:6      | Slain by an orc warrior

Levels and vault maps discovered:
D:1:      co_arrival_hexagon_in_a_hexagon, layout_basic
D:2:      layout_basic, gammafunk_temple_overflow_statue, uniq_sigmund
D:3:      layout_basic, grunt_temple_overflow_open, uniq_ijyb
D:4:      layout_loops_ring, minmay_temple_entry_wispy
D:5:      layout_loops_ring, first_ration, uniq_pikel, uniq_crazy_yiuf_cottage
D:6:      layout_rooms, gammafunk_ghost_grave, dk_yredelemnul_ordeal,
          uniq_menkaure
Temple:   compressed_dpeg_circular_temple

Skill      XL: |  1  2  3  4  5  6  7 |
---------------+----------------------+-----
Spellcasting   | 3 4 5 6 |  6.5
Stealth        | 2 3 |  3.0
Conjurations   | 4 5 |  5.3
Dodging        | 2 3 |  3.0
Staves         | 1 3 |  3.1

Action                   |  1- 3 |  4- 6 |  7- 9 || total
-------------------------+-------+-------+-------++-------
Melee: Unarmed           |     5 |       |       ||     5
       Short sword       |    26 |    19 |       ||    45
       Dagger            |    32 |       |       ||    32
       Quarterstaff      |       |     1 |    22 ||    23
 Cast: Magic Dart        |    68 |    55 |    51 ||   174
       Searing Ray       |     5 |    18 |    20 ||    43
Invok: Curse Item        |       |     1 |       ||     1
  Use: Scroll            |       |     3 |       ||     3
 Stab: Sleeping          |       |     1 |       ||     1
Armor: Robe              |    10 |     5 |    22 ||    37
Dodge: Dodged            |    37 |    32 |    45 ||   114

Table legend:
 A = Non-vault XP
 B = Vault XP
 C = Vault XP percentage of total XP
 D = Non-vault monster count
 E = Vault monster count
 F = Vault count percentage of total count
                 A         B        C        D         E       F
            +---------+---------+-------+---------+---------+-------
      Total |    1412 |      35 |   2.4 |     118 |       1 |   0.8
            +---------+---------+-------+---------+---------+-------
        D:1 |      41 |       0 |   0.0 |      22 |       0 |   0.0
        D:2 |      69 |       0 |   0.0 |      23 |       0 |   0.0
        D:3 |      62 |      35 |  36.1 |      19 |       1 |   5.0
        D:4 |     273 |       0 |   0.0 |      16 |       0 |   0.0
        D:5 |     542 |       0 |   0.0 |      22 |       0 |   0.0
        D:6 |     425 |       0 |   0.0 |      16 |       0 |   0.0
            +---------+---------+-------+---------+---------+-------
